 Dungeon Crawl Stone Soup version 0.30-a0-718-geaa24f58ff (webtiles) character file.

Game seed: 14830837631511807413

594 Leeroy the Carver (level 7, -1/40 HPs)
             Began as a Tengu Warper on Jan 25, 2023.
             Was an Initiate of Yredelemnul.
             Slain by an orc warrior
             ... wielding a +0 dire flail
              (14 damage)
             ... on level 6 of the Dungeon.
             The game lasted 00:05:14 (3726 turns).

Leeroy the Carver (Tengu Warper)                    Turns: 3726, Time: 00:05:15

Health: -1/40      AC: 13    Str: 12    XL:     7   Next: 39%
Magic:  18/20      EV:  4    Int: 13    God:    Yredelemnul [......]
Gold:   223        SH:  0    Dex: 15    Spells: 1/10 levels left

rFire   . . .      SeeInvis +    a - +0 falchion
rCold   . . .      Faith    .    (no shield)
rNeg    . . .      Spirit   .    e - +0 plate armour
rPois   .          Reflect  .    H - +2 hat {SInv}
rElec   .          Harm     .    (no cloak)
rCorr   .          Rampage  .    f - +0 pair of gloves
Will    .....                    (boots unavailable) Stlth
                                 g - amulet of regeneration
HPRegen 1.06/turn                r - ring of magical power
MPRegen 0.17/turn                (no ring)

@: flying quickly and evasively, quick
A: beak, talons 3, nimble flight
a: Renounce Religion, Recall Undead Harvest


You were on level 6 of the Dungeon.
You worshipped Yredelemnul.
Yredelemnul was noncommittal.
You visited 2 branches of the dungeon, and saw 7 of its levels.

You collected 223 gold pieces.

Inventory:

Hand Weapons
 a - a +0 falchion (weapon)
 w - a +0 dagger of venom
 F - a +1 dagger of protection
 G - a +1 flail of draining
Missiles
 d - 7 boomerangs of dispersal (quivered)
 h - 10 poisoned darts
 j - 4 javelins
 x - a throwing net
 E - a boomerang
Armour
 b - a +0 leather armour
 e - a +0 plate armour (worn)
 f - a +0 pair of gloves (worn)
 H - a +2 hat of see invisible (worn)
Jewellery
 g - an amulet of regeneration (around neck)
 m - a ring of flight
 r - a ring of magical power (left hand)
 I - a +4 ring of protection
Wands
 p - a wand of flame (24)
 y - a wand of polymorph (9)
Scrolls
 c - a scroll of blinking
 i - 2 scrolls of silence {unknown}
 k - 8 scrolls of identify {unknown}
 l - 3 scrolls of fear {unknown}
 q - a scroll of teleportation {unknown}
 s - a scroll of magic mapping {unknown}
 t - a scroll of vulnerability {unknown}
 z - 2 scrolls of amnesia {unknown}
 C - 2 scrolls of fog {unknown}
Potions
 n - 2 potions of haste {unknown}
 o - 2 potions of flight {unknown}
 u - a potion of might {unknown}
 v - a potion of brilliance {unknown}
 A - 2 potions of berserk rage {unknown}
 B - a potion of heal wounds {unknown}
 D - a potion of curing {unknown}


   Skills:
 - Level 2.0 Fighting
 + Level 8.8 Long Blades
 - Level 1.0 Throwing
 - Level 1.1 Armour
 - Level 2.1 Dodging
 - Level 2.0 Spellcasting
 - Level 2.4 Translocations


You had one spell level left.
You knew the following spells:

 Your Spells              Type           Power      Damage    Failure   Level
a - Blink                 Tloc           14%        N/A       100%        2
b - Vhi's Electric Charg  Tloc/Air       8%         N/A       100%        3
c - Manifold Assault      Tloc           7%         N/A       100%        4

Your spell library contained the following spells:

 Spells                   Type           Power      Damage    Failure   Level
 Kiss of Death            Conj/Necr      4%         2d5       100%        1
 Necrotise                Necr           4%         1d4       100%        1
 Lesser Beckoning         Tloc           14%        N/A       100%        2
 Sublimation of Blood     Necr           1%         N/A       100%        2
 Wereblood                Tmut           1%         N/A       100%        2
 Dazzling Flash           Conj/Hex       2%         N/A       100%        3
 Gell's Gravitas          Tloc           7%         N/A       100%        3
 Teleport Other           Tloc           7%         N/A       100%        3
 Olgreb's Toxic Radiance  Pois           1%         N/A       100%        4
 Agony                    Necr           1%         N/A       100%        5
 Silence                  Hex/Air        0%         N/A       100%        5
 Dispersal                Tloc           3%         N/A       100%        6
 Summon Hydra             Summ           0%         N/A       100%        7
 Infestation              Necr           0%         N/A       100%        8
 Death Channel            Necr           Unusable   N/A       N/A         6

Dungeon Overview and Level Annotations

Branches:
Dungeon (6/15)             Temple (1/1) D:4

Altars:
Ashenzari
Cheibriados
Hepliaklqana
Makhleb
Qazlal
Ru
Sif Muna
Trog
Vehumet
Xom
Yredelemnul
Zin

Shops:
D:6 (

Annotations:
D:4 1 runed translucent door, initializr's ghost, amateur FoFi


Innate Abilities, Weirdness & Mutations

You have a beak for a mouth.
You have claws for feet.
Your magical nature lets you fly swiftly and evasively.


Message History

The white imp gestures at you.
The puff of frost hits the orc wizard.
You hit the orc wizard but do no damage.
Your kick misses the orc wizard. Your peck misses the orc wizard.
The orc wizard is severely wounded.
The orc warrior hits you with a +0 dire flail!
The orc wizard hits you but does no damage.
You barely miss the orc wizard. Your kick misses the orc wizard.
Your punch misses the orc wizard.
The orc wizard is severely wounded.
You hit the orc wizard but do no damage.
The orc wizard is severely wounded.
The orc warrior hits you with a +0 dire flail!
The white imp gestures at you.
The puff of frost hits the orc wizard!
The orc wizard dies!
The dead are walking!
You closely miss the orc. Your kick misses the orc.
The orc warrior hits you but does no damage.
The orc hits your orc wizard zombie with a +0 hand axe.
The orc barely misses you.
You hit the orc. Your kick misses the orc. Your peck misses the orc.
The orc is lightly wounded.
The orc warrior hits you with a +0 dire flail!
* * * LOW HITPOINT WARNING * * *
The orc hits your orc wizard zombie with a +0 hand axe.
The orc hits you but does no damage.
Your orc wizard zombie hits the orc.
The orc barely misses your orc wizard zombie.
Your orc wizard zombie hits the orc.
The white imp puffs mist at you.
The orc hits your orc wizard zombie with a +0 hand axe.
Your orc wizard zombie closely misses the orc.
The orc warrior hits you but does no damage.
You closely miss the orc warrior.
You claw the orc warrior, but do no damage.
The orc warrior is severely wounded.
Your orc wizard zombie hits the orc.
The orc warrior hits you with a +0 dire flail!
You die...
Your body rises from the dead as a mindless zombie.

........# #. .#.....# ..
##.. #......####.# ....
##....8.#....# #...##
###........... #
#.....##.#...<...8.#
..##.................###
......###...@.8...∩...8#
........#Zoo...........#
#......5o.......8...>..#
#.......#..............#
......###.........8....#
.....# #.............###
..### #..###.#....### #
#### #.##.### ######


You could see an orc warrior, a white imp, 2 orcs and a friendly orc wizard
zombie.

Vanquished Creatures
  Sigmund (D:3)
  A howler monkey (D:4)
  2 hounds (D:4)
  A gnoll bouda (D:5)
  Terence (D:3)
  2 scorpion zombies (D:5)
  A hound zombie (D:5)
  2 howler monkey zombies (D:5)
  Robin (D:4)
  3 gnolls (D:5)
  3 adders
  3 worms
  A dart slug (D:1)
  13 orcs
  3 bats
  5 endoplasms
  3 giant cockroaches
  12 goblins
  11 hobgoblins
  7 jackals
  8 kobolds
  7 quokkas
  9 ball pythons
  5 frilled lizards
  6 rats
111 creatures vanquished.

Vanquished Creatures (others)
  An orc wizard (D:6)
  A plant (D:1)
2 creatures vanquished.

Grand Total: 113 creatures vanquished

Notes
Turn   | Place    | Note
-------+----------+-------------------------------------------
     0 | D:1      | Leeroy the Tengu Warper began the quest for the Orb.
     0 | D:1      | Reached XP level 1. HP: 12/12 MP: 4/4
   143 | D:1      | Reached XP level 2. HP: 17/17 MP: 6/6
   145 | D:1      | Reached skill level 3 in Long Blades
   166 | D:1      | Learned a level 2 spell: Blink
   443 | D:1      | Reached XP level 3. HP: 21/21 MP: 7/7
   446 | D:1      | Got the Folio of Bodies and Pollution
   463 | D:1      | Learned a level 3 spell: Vhi's Electric Charge
   828 | D:2      | Found a faded altar of an unknown god.
   835 | D:2      | Reached skill level 4 in Long Blades
  1036 | D:2      | Reached XP level 4. HP: 25/26 MP: 8/8
  1450 | D:3      | Noticed Sigmund
  1457 | D:3      | Reached skill level 5 in Long Blades
  1465 | D:3      | Killed Sigmund
  1466 | D:3      | Reached skill level 6 in Long Blades
  1466 | D:3      | Gained mutation: Your magical nature lets you fly swiftly
                  | and evasively. [Tengu growth]
  1466 | D:3      | Reached XP level 5. HP: 24/30 MP: 9/9
  1466 | D:3      | Reached XP level 6. HP: 28/35 MP: 10/10
  1724 | D:3      | Learned a level 4 spell: Manifold Assault
  1774 | D:3      | Noticed Terence
  1788 | D:3      | Killed Terence
  1890 | D:3      | Reached skill level 7 in Long Blades
  2081 | D:3      | Found a broken altar of Ashenzari.
  2258 | D:4      | Noticed Robin
  2273 | D:4      | Found a runed translucent door.
  2273 | D:4      | Noticed initializr's ghost (amateur FoFi)
  2312 | D:4      | Killed Robin
  2860 | D:4      | Found a radiant altar of Vehumet.
  2860 | D:4      | Found a stormy altar of Qazlal.
  2950 | D:4      | Found a staircase to the Ecumenical Temple.
  2962 | Temple   | Entered the Ecumenical Temple
  3336 | D:5      | Entered Level 5 of the Dungeon
  3439 | D:5      | Reached skill level 8 in Long Blades
  3439 | D:5      | Reached XP level 7. HP: 40/40 MP: 11/11
  3469 | D:5      | Found a basalt altar of Yredelemnul.
  3491 | D:5      | Became a worshipper of Yredelemnul the Dark
  3593 | D:5      | Reached * piety under Yredelemnul
  3685 | D:5      | You are sucked into a shaft and drop 1 floor!
  3685 | D:6      | Found Mithrokeo's Weapon Shop.
  3726 | D:6      | Slain by an orc warrior

Illustrated notes

Levels and vault maps discovered:
D:1:      eino_arrival_druids_welcome, layout_basic
D:2:      layout_basic, shapermc_ecumenical_altar_pompeii, grunt_ministairs_11
D:3:      layout_loops_ring, ashenzari_conservatory_becter, uniq_sigmund,
          uniq_terence
D:4:      cheibrodos_helix_gallery, layout_gridville,
          gammafunk_temple_overflow_elements,
          minmay_temple_entry_enclosed_plants, hellmonk_ghost_happy_afterlife,
          uniq_robin
D:5:      layout_basic, nicolae_yredelemnul_corpse_copse
D:6:      layout_cave_pools, overflow_temple_1_default, ebering_ghost_sewer_d,
          serial_shops, nicolae_stop_n_shop_1, nicolae_alphabet_shops,
          due_unseen_surprise, uniq_grinder
Temple:   nicolae_temple_two_arcs

Skill      XL: |  1  2  3  4  5  6 |
---------------+-------------------+-----
Long Blades    | 3 4 6 8 |  8.8
Fighting       | |  2.0
Throwing       | |  1.0
Armour         | |  1.1
Dodging        | |  2.1
Spellcasting   | |  2.0
Translocations | |  2.4

Action                     |  1- 3 |  4- 6 |  7- 9 || total
---------------------------+-------+-------+-------++-------
  Melee: Falchion          |    94 |   159 |    72 ||   325
         Peck              |    16 |    18 |    18 ||    52
         Kick              |    22 |    42 |    22 ||    86
         Punch             |     1 |     1 |       ||     2
         Unarmed           |       |     3 |       ||     3
 Invoke: Recall Undead Har |       |       |     2 ||     2
 Armour: Plate armour      |    81 |   116 |    52 ||   249
         Skin              |       |     1 |       ||     1
  Dodge: Dodged            |    14 |    33 |    12 ||    59

Table legend: (Time is in decaauts)
 A = Elapsed time spent in this place.
 B = Non-inter-level travel time spent in this place.
 C = Inter-level travel time spent in this place.
 D = Time resting spent in this place.
 E = Time spent auto-exploring this place.
 F = Levels seen in this place.
 G = Mean time per level.
                   A        B        C        D        E       F      G
               +--------+--------+--------+--------+--------+-----+--------+
         Total |   3546 |   3432 |    114 |    117 |   2561 |   7 |  506.6 |
       Dungeon |   3456 |   3351 |    105 |    117 |   2483 |   6 |  576.0 |
        Temple |     90 |     81 |      9 |      0 |     77 |   1 |   90.0 |
               +--------+--------+--------+--------+--------+-----+--------+

Top non-repeatable levels by time:
     D:4: 918 daAuts
     D:1: 766 daAuts
     D:3: 757 daAuts
     D:2: 661 daAuts
     D:5: 316 daAuts
  Temple: 90 daAuts
     D:6: 36 daAuts
